 Dungeon Crawl Stone Soup version 0.28.0-45-g0d030f2227 (webtiles) character file.

Game seed: 9445891605575922418

26 Kangaroobicon the Skirmisher (level 3, 0/33 HPs)
             Began as a Hill Orc Fighter on Apr 10, 2022.
             Slain by a goblin
             ... wielding a +0 club
              (3 damage)
             ... on level 1 of the Dungeon.
             The game lasted 00:03:21 (258 turns).

Kangaroobicon the Skirmisher (Hill Orc Fighter)      Turns: 258, Time: 00:03:22

Health: 0/33       AC:  9    Str: 18    XL:     3   Next: 8%
Magic:  3/3        EV:  3    Int:  8    God:
Gold:   37         SH:  5    Dex: 12    Spells: 2/2 levels left

rFire   . . .      SeeInvis .   a - +0 war axe
rCold   . . .      Faith    .   c - +0 buckler
rNeg    . . .      Spirit   .   f - +0 chain mail
rPois   .          Reflect  .   (no helmet)
rElec   .          Harm     .   (no cloak)
rCorr   .          Rampage  .   (no gloves)
Will    .....                   (no boots)
Stlth   ..........              (no amulet)
HPRegen 0.11/turn               (no ring)
MPRegen 0.08/turn               (no ring)

@: constricted
A: no striking features
a: no special abilities


You were on level 1 of the Dungeon.
You visited 1 branch of the dungeon, and saw 1 of its levels.

You collected 37 gold pieces.

Inventory:

Hand Weapons
 a - a +0 war axe (weapon)
Armour
 c - a +0 buckler (worn)
 f - a +0 chain mail (worn)
Potions
 d - a potion of might
 e - a potion of invisibility {unknown}


   Skills:
 + Level 4.2 Fighting
 + Level 2.7 Axes
 + Level 3.3 Armour
 + Level 4.0 Shields


You had 2 spell levels left.
You didn't know any spells.
Your spell library was empty.

Dungeon Overview and Level Annotations

Branches:
Dungeon (1/15)

Altars:


Message History

The goblin shouts!
A rat comes into view.
A ball python comes into view.
You barely miss the gnoll.
The ball python hisses angrily.
The gnoll hits you with a +0 flail!
You closely miss the gnoll. You block the gnoll's attack.
The gnoll hits you with a +0 flail!
* * * LOW HITPOINT WARNING * * *
You slash the gnoll!
The gnoll is almost dead.
The gnoll barely misses you.
You barely miss the gnoll.
The gnoll is almost dead.
You block the gnoll's attack. The rat bites you.
* * * LOW HITPOINT WARNING * * *
You slash the gnoll!
You kill the gnoll!
You barely miss the rat. The rat bites you but does no damage.
You block the ball python's attack. The ball python grabs you.
The ball python constricts you.
Your Shields skill increases to level 4!
You have reached level 3!
Your experience leads to an increase in your attributes!
Increase (S)trength, (I)ntelligence, or (D)exterity?
You feel agile. x2
You hit the ball python.
The ball python is heavily wounded.
You hit the rat.
You kill the rat!
The ball python bites you.
* * * LOW HITPOINT WARNING * * *
The ball python constricts you. You block the ball python's attack.
The ball python constricts you. The goblin hits you but does no damage.
You closely miss the ball python.
The ball python is heavily wounded.
You closely miss the goblin.
The ball python bites you but does no damage.
The ball python constricts you. The goblin hits you with a +0 club.
You die...

##.#.#.#.####.#.##...)
.#.#.#.#......#.#....#
.#...#.............#.
.#.#.#.#..###.)#...#
##.#.#.#...........# #
...#.#.#†#####...#.#.##.
####.#.#.......###......
.....#.#...###.##....#
######.#..# #.g@...##
.......#..# #..S###.#
##.######.##[.... ....#
.......#. .####
........### . .........
......... .........


You could see a goblin and a ball python.

Vanquished Creatures
  2 gnolls (D:1)
  2 endoplasms (D:1)
  A goblin (D:1)
  A frilled lizard (D:1)
  2 rats (D:1)
8 creatures vanquished.

Notes
Turn   | Place    | Note
-------+----------+-------------------------------------------
     0 | D:1      | Kangaroobicon the Hill Orc Fighter began the quest for the
                  | Orb.
     0 | D:1      | Reached XP level 1. HP: 19/19 MP: 1/1
   234 | D:1      | Reached XP level 2. HP: 23/27 MP: 2/2
   257 | D:1      | Reached XP level 3. HP: 4/33 MP: 3/3
   258 | D:1      | Slain by a goblin

Illustrated notes

Levels and vault maps discovered:
D:1:      matt_arrival_refuge, layout_rooms, minmay_tetromino_l2

Skill      XL: |  1  2 |
---------------+-------+-----
Fighting       | 4 |  4.2
Shields        | 4 |  4.0
Axes           | |  2.7
Armour         | |  3.3

Action                   || total
-------------------------++-------
Melee: War axe           ||    27
Armor: Scale mail        ||     2
       Chain mail        ||     3
Dodge: Dodged            ||     9
Block: Buckler           ||    12
